WCHLSIM.com - West Coast Hockey League
html PUBLIC "-//W3C//DTD XHTML 1.0 Transitional//EN" "http://www.w3.org/TR/xhtml1/DTD/xhtml1-transitional.dtd"> WCHL - Game 793 - VICTORIA GLADIATORS vs UTAH ICE BEARS

VICTORIA GLADIATORS vs UTAH ICE BEARS

Created - 17 mars 2021 at 20:07

Goals
1 2 3 T
VICTORIA GLADIATORS 3 1 1 5
UTAH ICE BEARS 1 0 0 1
Shots
1 2 3 T
VICTORIA GLADIATORS 17 16 23 56
UTAH ICE BEARS 3 2 5 10

1st period

1. VICTORIA GLADIATORS , Jakub Voracek 7 (Conor Garland 16) at 4:53
2. UTAH ICE BEARS , Blake Lizotte 4 (Radim Simek 6, Nicholas Paul 16) at 10:13 (PP)
3. VICTORIA GLADIATORS , Jakub Voracek 8 (Mikael Backlund 22) at 17:33
4. VICTORIA GLADIATORS , Esa Lindell 3 (Bryan Rust 31, Anze Kopitar 41) at 19:11

Penalties :
MacKenzie Weegar (UTA) for Holding (Minor) at 0:39, Kyle Okposo (UTA) for Holding (Minor) at 4:56, Andrew Cogliano (VIC) for Roughing (Minor) at 8:40, Nicholas Paul (UTA) for Delaying the game (Minor) at 13:29

2nd period

5. VICTORIA GLADIATORS , Jaden Schwartz 21 (Torey Krug 12, Jared McCann 12) at 9:35

Penalties :
T.J. Brodie (UTA) for Hooking (Minor) at 7:02

3rd period

6. VICTORIA GLADIATORS , Jakub Voracek 9 (Mikael Backlund 23) at 0:54

Penalties :
No Penalty

Goalie Stats

Carter Hart (VIC), 9 saves from 10 shots - (0,900), W, 23-13-0, 60:00 minutes
Michael Hutchinson (UTA), 46 saves from 50 shots - (0,920), L, 0-1-0, 54:52 minutes
Devan Dubnyk (UTA), 5 saves from 6 shots - (0,833), 5:08 minutes

Players Stats for VICTORIA GLADIATORS

Player Name              G  A  P  +/- PIM S  H  SB GA TA FO     MP     PP MP  PK MP  
------------------------------------------------------------------------------------
Andrew Cogliano          0  0  0   0  2   0  0  0  0  0  0/0     2:38   0:00   0:00 
Anze Kopitar             0  1  1   1  0   6  0  0  0  0  19/27  21:58   4:01   0:00 
Brady Skjei              0  0  0   3  0   1  2  1  0  0  0/0    21:22   3:55   0:00 
Bryan Rust               0  1  1   1  0   7  3  0  0  0  0/0    21:58   4:01   0:00 
Conor Garland            0  1  1   3  0   5  3  0  0  0  3/5    20:56   3:55   0:00 
Derek Grant              0  0  0   0  0   1  0  0  0  0  0/1     3:43   0:00   1:04 
Duncan Keith             0  0  0   1  0   1  2  3  0  0  0/0    21:21   0:00   0:45 
Esa Lindell              1  0  1   1  0   1  0  1  0  0  0/0    21:21   0:00   0:45 
Jaden Schwartz           1  0  1   1  0   6  0  0  0  0  0/0    13:58   0:00   1:04 
Jakub Voracek            3  0  3   3  0   6  1  0  0  0  0/1    20:56   3:55   0:00 
Jared McCann             0  1  1   1  0   3  2  0  0  0  10/16  12:54   0:00   0:00 
Johan Larsson            0  0  0   0  0   0  0  0  0  0  4/6     3:08   0:00   0:29 
Kyle Connor              0  0  0   1  0   11 0  0  0  0  0/0    21:58   4:01   0:00 
Mattias Janmark          0  0  0   1  0   0  0  0  0  0  0/1    13:23   0:00   0:29 
Mikael Backlund          0  2  2   3  0   4  0  0  0  0  16/25  20:56   3:55   0:00 
Nick Holden              0  0  0   1  0   1  0  0  0  0  0/0    17:17   4:01   0:48 
Nikita Zaitsev           0  0  0   3  0   2  1  0  0  0  0/0    21:22   3:55   0:00 
Torey Krug               0  1  1   1  0   1  0  1  0  0  0/0    17:17   4:01   0:48 

Players Stats for UTAH ICE BEARS

Player Name              G  A  P  +/- PIM S  H  SB GA TA FO     MP     PP MP  PK MP  
------------------------------------------------------------------------------------
Adam Mascherin           0  0  0  -2  0   0  0  0  0  0  0/0    13:06   0:00   0:00 
Alex Galchenyuk          0  0  0  -1  0   0  0  0  0  0  8/18   13:49   0:33   4:01 
Andrew Mangiapane        0  0  0  -2  0   0  0  0  0  0  0/0    18:28   0:00   0:00 
Artem Anisimov           0  0  0   0  0   1  0  0  0  0  2/3     3:19   1:00   0:00 
Blake Lizotte            1  0  1  -3  0   2  0  1  0  0  8/22   21:36   1:00   3:58 
Conor Timmins            0  0  0  -1  0   0  2  1  0  0  0/0    20:25   0:00   1:42 
Kale Clague              0  0  0  -3  0   0  2  0  0  0  0/0    13:33   0:00   0:00 
Kyle Okposo              0  0  0  -1  2   1  3  0  0  0  2/4    18:56   0:00   0:00 
MacKenzie Weegar         0  0  0  -1  2   1  3  1  0  0  0/0    23:08   1:20   3:34 
Nathan Walker            0  0  0  -1  0   0  1  0  0  0  1/1    10:02   0:00   0:00 
Nicholas Paul            0  1  1  -1  2   2  1  1  0  0  1/2    19:56   1:00   0:00 
Radim Simek              0  1  1  -1  0   0  4  3  0  0  0/0    22:48   0:13   3:52 
Robert Lantosi           0  0  0  -2  0   0  0  0  0  0  2/2    13:06   0:00   0:00 
Ross Colton              0  0  0  -1  0   0  0  0  0  0  4/12   17:22   0:33   3:58 
T.J. Brodie              0  0  0  -1  2   1  4  1  0  0  0/0    22:58   1:20   3:24 
Troy Stecher             0  0  0  -3  0   0  3  2  0  0  0/0    17:06   0:13   3:20 
Vladimir Sobotka         0  0  0   0  0   0  0  0  0  0  0/0     0:00   0:00   0:00 
Zachary Sanford          0  0  0  -1  0   2  1  0  0  0  2/18   22:22   0:33   3:55 

3 Stars

1 - Jakub Voracek (VIC)
2 - Mikael Backlund (VIC)
3 - Conor Garland (VIC)

Power Play

VICTORIA GLADIATORS - 0 on 4 Attempt(s) - 0,00%
UTAH ICE BEARS - 1 on 1 Attempt(s) - 100,00%

Penalty Kill

VICTORIA GLADIATORS - 0 on 1 Attempt(s) - 0,00% - Score 0 goal in Penalty Kill
UTAH ICE BEARS - 4 on 4 Attempt(s) - 100,00% - Score 0 goal in Penalty Kill

Team Stat

VICTORIA GLADIATORS - Hits : 14 - Faceoff Wins : 52 - Blocked Shots : 6 - Penalty Minutes : 2
UTAH ICE BEARS - Hits : 24 - Faceoff Wins : 30 - Blocked Shots : 10 - Penalty Minutes : 8

Official

Referees : Brandon Schrader and Ben O'Quinn
Linesman : Kyle Allen and Kyle Larson

Game Notes

Devan Dubnyk is injured at 5:08 of 1st period (Sprained Right Ankle)
Michael Hutchinson enters game at 5:08 of 1st period
Artem Anisimov is injured at 12:51 of 1st period (Left Foot)
Jakub Voracek has scored a Hat Trick!

Finance

Level 1 -- Attendance: 7750 (100,00%) -- Ticket Income 930 000 $
Level 2 -- Attendance: 5750 (100,00%) -- Ticket Income 465 750 $
Level 3 -- Attendance: 2500 (100,00%) -- Ticket Income 152 500 $
Level 4 -- Attendance: 5000 (100,00%) -- Ticket Income 205 000 $
Luxury Box -- Attendance: 1000 (100,00%) -- Ticket Income 231 000 $
Total Attendance: 22000 (100,00%)
Total Ticket Income: 1 984 250 $
Other Expense: 19 842 $
Total Income: 1 964 408 $

VICTORIA GLADIATORS

5 vs 5 Forward 
   Center                   Left Wing                Right Wing               Time % Phy DF OF 
 1 Anze Kopitar             Kyle Connor              Bryan Rust               36     0   3  2  
 2 Mikael Backlund          Conor Garland            Jakub Voracek            34     0   3  2  
 3 Jared McCann             Jaden Schwartz           Mattias Janmark          24     1   2  2  
 4 Johan Larsson            Derek Grant              Andrew Cogliano          6      1   2  2  

5 vs 5 Defense 
   Defense                  Defense                                           Time % Phy DF OF 
 1 Duncan Keith             Esa Lindell                                       40     1   2  2  
 2 Brady Skjei              Nikita Zaitsev                                    35     1   2  2  
 3 Torey Krug               Nick Holden                                       25     1   2  2  
 4 Duncan Keith             Esa Lindell                                       0      1   2  2  

PowerPlay Forward 
   Center                   Left Wing                Right Wing               Time % Phy DF OF 
 1 Anze Kopitar             Kyle Connor              Bryan Rust               50     0   1  4  
 2 Mikael Backlund          Conor Garland            Jakub Voracek            50     0   1  4  

PowerPlay Defense
   Defense                  Defense                                           Time % Phy DF OF 
 1 Brady Skjei              Nikita Zaitsev                                    50     1   2  2  
 2 Torey Krug               Nick Holden                                       50     1   2  2  

Penalty Kill 4 Players Forward 
   Center                   Wing                     Time % Phy DF OF 
 1 Johan Larsson            Mattias Janmark          50     0   4  1  
 2 Derek Grant              Jaden Schwartz           50     0   4  1  

Penalty Kill 4 Players Defense
   Defense                  Defense                  Time % Phy DF OF 
 1 Duncan Keith             Esa Lindell              50     0   4  1  
 2 Torey Krug               Nick Holden              50     0   4  1  

Penalty Kill - 3 Players Forward 
   Forward                                           Time % Phy DF OF 
 1 Johan Larsson                                     50     0   4  1  
 2 Derek Grant                                       50     0   4  1  

Penalty Kill - 3 Players Defense
   Defense                  Defense                  Time % Phy DF OF 
 1 Duncan Keith             Esa Lindell              50     0   4  1  
 2 Brady Skjei              Nikita Zaitsev           50     0   4  1  

4 vs 4 Forward 
   Center                   Wing                     Time % Phy DF OF 
 1 Anze Kopitar             Bryan Rust               50     1   2  2  
 2 Derek Grant              Jared McCann             50     1   2  2  

4 vs 4 Defense
   Defense                  Defense                  Time % Phy DF OF 
 1 Torey Krug               Nick Holden              50     1   2  2  
 2 Brady Skjei              Nikita Zaitsev           50     1   2  2  

Last Minutes Offensive
   Center                   Left Wing                Right Wing               Defense                  Defense                  
   Anze Kopitar             Kyle Connor              Bryan Rust               Duncan Keith             Esa Lindell              

Last Minutes Defensive
   Center                   Left Wing                Right Wing               Defense                  Defense                  
   Mikael Backlund          Jaden Schwartz           Mattias Janmark          Brady Skjei              Nikita Zaitsev           

Goaltenders
Starting : Carter Hart              
Backup : Robin Lehner             

Extra Forwards
Normal : Jakub Voracek, Conor Garland, Mikael Backlund - PP : Conor Garland, Jared McCann - PK : Andrew Cogliano
Extra Defensemen
Normal : Torey Krug, Nick Holden, Nikita Zaitsev - PP : Duncan Keith - PK : Esa Lindell, Torey Krug
Penalty Shots
Anze Kopitar, Bryan Rust, Kyle Connor, Jaden Schwartz, Jakub Voracek
Custom OT Lines Forwards
Anze Kopitar, Bryan Rust, Kyle Connor, Jaden Schwartz, Jakub Voracek, Mikael Backlund, Jared McCann, Conor Garland, Mattias Janmark, Johan Larsson
Custom OT Lines Defensemen
Duncan Keith, Esa Lindell, Brady Skjei, Nick Holden, Torey Krug

Scratches
None

UTAH ICE BEARS

5 vs 5 Forward 
   Center                   Left Wing                Right Wing               Time % Phy DF OF 
 1 Artem Anisimov           Nicholas Paul            Kyle Okposo              36     1   2  2  
 2 Alex Galchenyuk          Andrew Mangiapane        Zachary Sanford          31     1   2  2  
 3 Blake Lizotte            Adam Mascherin           Robert Lantosi           23     1   2  2  
 4 Ross Colton              Nathan Walker            Andrew Mangiapane        10     1   2  2  

5 vs 5 Defense 
   Defense                  Defense                                           Time % Phy DF OF 
 1 MacKenzie Weegar         T.J. Brodie                                       36     1   2  2  
 2 Conor Timmins            Radim Simek                                       31     1   2  2  
 3 Troy Stecher             Kale Clague                                       23     1   2  2  
 4 MacKenzie Weegar         T.J. Brodie                                       10     1   2  2  

PowerPlay Forward 
   Center                   Left Wing                Right Wing               Time % Phy DF OF 
 1 Blake Lizotte            Artem Anisimov           Nicholas Paul            55     1   2  2  
 2 Alex Galchenyuk          Ross Colton              Zachary Sanford          45     1   2  2  

PowerPlay Defense
   Defense                  Defense                                           Time % Phy DF OF 
 1 MacKenzie Weegar         T.J. Brodie                                       55     1   2  2  
 2 Troy Stecher             Radim Simek                                       45     1   2  2  

Penalty Kill 4 Players Forward 
   Center                   Wing                     Time % Phy DF OF 
 1 Zachary Sanford          Ross Colton              55     1   2  2  
 2 Alex Galchenyuk          Blake Lizotte            45     1   2  2  

Penalty Kill 4 Players Defense
   Defense                  Defense                  Time % Phy DF OF 
 1 MacKenzie Weegar         T.J. Brodie              55     1   2  2  
 2 Troy Stecher             Radim Simek              45     1   2  2  

Penalty Kill - 3 Players Forward 
   Forward                                           Time % Phy DF OF 
 1 Blake Lizotte                                     55     1   2  2  
 2 Zachary Sanford                                   45     1   2  2  

Penalty Kill - 3 Players Defense
   Defense                  Defense                  Time % Phy DF OF 
 1 Troy Stecher             T.J. Brodie              55     1   2  2  
 2 Conor Timmins            Radim Simek              45     1   2  2  

4 vs 4 Forward 
   Center                   Wing                     Time % Phy DF OF 
 1 Blake Lizotte            Kyle Okposo              55     1   2  2  
 2 Ross Colton              Zachary Sanford          45     1   2  2  

4 vs 4 Defense
   Defense                  Defense                  Time % Phy DF OF 
 1 MacKenzie Weegar         T.J. Brodie              55     1   2  2  
 2 Troy Stecher             Radim Simek              45     1   2  2  

Last Minutes Offensive
   Center                   Left Wing                Right Wing               Defense                  Defense                  
   Artem Anisimov           Nicholas Paul            Kyle Okposo              MacKenzie Weegar         T.J. Brodie              

Last Minutes Defensive
   Center                   Left Wing                Right Wing               Defense                  Defense                  
   Artem Anisimov           Nicholas Paul            Kyle Okposo              MacKenzie Weegar         T.J. Brodie              

Goaltenders
Starting : Devan Dubnyk             
Backup : Michael Hutchinson       

Extra Forwards
Normal : Zachary Sanford, Blake Lizotte, Ross Colton - PP : Zachary Sanford, Blake Lizotte - PK : Ross Colton
Extra Defensemen
Normal : Troy Stecher, T.J. Brodie, Radim Simek - PP : Troy Stecher - PK : T.J. Brodie, Radim Simek
Penalty Shots
Alex Galchenyuk, Artem Anisimov, Nicholas Paul, Blake Lizotte, Zachary Sanford
Custom OT Lines Forwards
Artem Anisimov, Nicholas Paul, Kyle Okposo, Andrew Mangiapane, Zachary Sanford, Alex Galchenyuk, Blake Lizotte, Ross Colton, Nathan Walker, Robert Lantosi
Custom OT Lines Defensemen
Conor Timmins, T.J. Brodie, Kale Clague, Radim Simek, Troy Stecher

Scratches
Alexander Edler (Healthy), Jakub Lauko (Healthy), Erik Gudbranson (Back Surgery Injury), Valentin Zykov (Bruised Left Leg Injury), Thatcher Demko (Sprained Right Finger Injury)

% Time on Ice - VICTORIA GLADIATORS

Lines # - Real PCT - Wanted PCT - Time Play
Normal Forward
1 - 36% - 36% - 17:57
2 - 34% - 34% - 17:01
3 - 26% - 24% - 12:54
4 - 5% - 6% - 2:39
Normal Defense
1 - 41% - 40% - 20:36
2 - 35% - 35% - 17:27
3 - 25% - 25% - 12:28
4 - 0% - 0% - 0:00
PP Forward
1 - 51% - 50% - 4:01
2 - 49% - 50% - 3:55
PP Defense
1 - 49% - 50% - 3:55
2 - 51% - 50% - 4:01
PK Forward
1 - 31% - 50% - 0:29
2 - 69% - 50% - 1:04
PK Defense
1 - 48% - 50% - 0:45
2 - 52% - 50% - 0:48
PK3 Forward
1 - 0% - 50%
2 - 0% - 50%
PK3 Defense
1 - 0% - 50%
2 - 0% - 50%
44 Forward
1 - 0% - 50%
2 - 0% - 50%
44 Defense
1 - 0% - 50%
2 - 0% - 50%
Last Minute Offensive  - 0:00
Last Minute Defensive  - 0:00
Total
Forward - 60:00
Defense - 60:00

% Time on Ice - UTAH ICE BEARS

Lines # - Real PCT - Wanted PCT - Time Play
Normal Forward
1 - 38% - 36% - 18:57
2 - 17% - 31% - 8:26
3 - 26% - 23% - 13:06
4 - 20% - 10% - 10:02
Normal Defense
1 - 32% - 36% - 16:09
2 - 37% - 31% - 18:43
3 - 27% - 23% - 13:33
4 - 4% - 10% - 2:06
PP Forward
1 - 65% - 55% - 1:00
2 - 35% - 45% - 0:33
PP Defense
1 - 86% - 55% - 1:20
2 - 14% - 45% - 0:13
PK Forward
1 - 50% - 55% - 3:58
2 - 50% - 45% - 3:58
PK Defense
1 - 58% - 55% - 4:36
2 - 42% - 45% - 3:20
PK3 Forward
1 - 0% - 55%
2 - 0% - 45%
PK3 Defense
1 - 0% - 55%
2 - 0% - 45%
44 Forward
1 - 0% - 55%
2 - 0% - 45%
44 Defense
1 - 0% - 55%
2 - 0% - 45%
Last Minute Offensive  - 0:00
Last Minute Defensive  - 0:00
Total
Forward - 60:00
Defense - 60:00

Play-by-Play

1st period


0:01 of 1st period - Anze Kopitar wins face-off versus Artem Anisimov in neutral zone.
0:38 of 1st period - Shot by Anze Kopitar.
0:38 of 1st period - Shot Blocked by Nicholas Paul.
0:39 of 1st period - Minor Penalty to MacKenzie Weegar for Holding.
0:40 of 1st period - Mikael Backlund wins face-off versus Zachary Sanford in UTAH ICE BEARS zone.
1:36 of 1st period - Icing by Bryan Rust.
1:37 of 1st period - Alex Galchenyuk wins face-off versus Anze Kopitar in VICTORIA GLADIATORS zone.
1:51 of 1st period - Shot by Anze Kopitar.
1:51 of 1st period - Shot Misses the Net.
1:53 of 1st period - Shot by Kyle Connor.
1:53 of 1st period - Shot Blocked by Blake Lizotte.
1:55 of 1st period - Shot by Bryan Rust.
1:55 of 1st period - Shot Blocked by Conor Timmins.
1:57 of 1st period - Shot by Anze Kopitar.
1:57 of 1st period - Shot Misses the Net.
1:59 of 1st period - Shot by Nick Holden.
1:59 of 1st period - Stopped by Devan Dubnyk without a rebound.
2:00 of 1st period - Alex Galchenyuk wins face-off versus Anze Kopitar in UTAH ICE BEARS zone.
2:19 of 1st period - Shot by Bryan Rust.
2:19 of 1st period - Shot Misses the Net.
3:54 of 1st period - Shot by Andrew Mangiapane.
3:54 of 1st period - Shot Misses the Net.
4:04 of 1st period - Shot by Conor Garland.
4:04 of 1st period - Stopped by Devan Dubnyk without a rebound.
4:05 of 1st period - Anze Kopitar wins face-off versus Blake Lizotte in UTAH ICE BEARS zone.
4:06 of 1st period - Shot by Kyle Connor.
4:06 of 1st period - Stopped by Devan Dubnyk with a rebound.
4:18 of 1st period - Shot by Anze Kopitar.
4:18 of 1st period - Shot Hit the Post.
4:22 of 1st period - Shot by Bryan Rust.
4:22 of 1st period - Shot Misses the Net.
4:41 of 1st period - Off-side.
4:42 of 1st period - Mikael Backlund wins face-off versus Alex Galchenyuk in neutral zone.
4:53 of 1st period - Shot by Jakub Voracek.
4:53 of 1st period - Goal by Jakub Voracek - VICTORIA GLADIATORS : 1 - UTAH ICE BEARS : 0.
4:54 of 1st period - Artem Anisimov wins face-off versus Jared McCann in neutral zone.
4:56 of 1st period - Minor Penalty to Kyle Okposo for Holding.
4:57 of 1st period - Mikael Backlund wins face-off versus Zachary Sanford in UTAH ICE BEARS zone.
5:06 of 1st period - Shot by Jakub Voracek.
5:06 of 1st period - Stopped by Devan Dubnyk with a rebound.
5:08 of 1st period - Shot by Brady Skjei.
5:08 of 1st period - Stopped by Devan Dubnyk without a rebound.
5:08 of 1st period - Devan Dubnyk from UTAH ICE BEARS is injured at 5:08 of 1st period (Sprained Right Ankle).
5:08 of 1st period - Michael Hutchinson enters game.
5:09 of 1st period - Anze Kopitar wins face-off versus Zachary Sanford in UTAH ICE BEARS zone.
5:32 of 1st period - Shot by Anze Kopitar.
5:32 of 1st period - Shot Misses the Net.
5:34 of 1st period - Shot by Nick Holden.
5:34 of 1st period - Shot Blocked by Radim Simek.
5:52 of 1st period - Shot by Anze Kopitar.
5:52 of 1st period - Shot Misses the Net.
5:54 of 1st period - Shot by Anze Kopitar.
5:54 of 1st period - Shot Misses the Net.
5:56 of 1st period - Shot by Anze Kopitar.
5:56 of 1st period - Stopped by Michael Hutchinson without a rebound.
5:57 of 1st period - Alex Galchenyuk wins face-off versus Mikael Backlund in UTAH ICE BEARS zone.
5:57 of 1st period - Alex Galchenyuk is hit by Nikita Zaitsev.
7:28 of 1st period - Shot by Artem Anisimov.
7:28 of 1st period - Shot Misses the Net.
7:39 of 1st period - Mattias Janmark is hit by Troy Stecher and loses puck.
7:59 of 1st period - Bryan Rust is hit by Troy Stecher and loses puck.
8:21 of 1st period - Bryan Rust is hit by Troy Stecher.
8:24 of 1st period - Anze Kopitar is hit by Kale Clague and loses puck.
8:33 of 1st period - Shot by Anze Kopitar.
8:33 of 1st period - Shot Misses the Net.
8:40 of 1st period - Minor Penalty to Andrew Cogliano for Roughing.
8:41 of 1st period - Blake Lizotte wins face-off versus Derek Grant in VICTORIA GLADIATORS zone.
8:50 of 1st period - Shot by Nicholas Paul.
8:50 of 1st period - Deflect By Artem Anisimov.
8:50 of 1st period - Shot Blocked by Duncan Keith.
8:52 of 1st period - Shot by T.J. Brodie.
8:52 of 1st period - Shot Blocked by Duncan Keith.
8:54 of 1st period - Shot by Nicholas Paul.
8:54 of 1st period - Shot Misses the Net.
8:56 of 1st period - Shot by T.J. Brodie.
8:56 of 1st period - Stopped by Carter Hart without a rebound.
8:57 of 1st period - Johan Larsson wins face-off versus Blake Lizotte in VICTORIA GLADIATORS zone.
9:27 of 1st period - Shot by Derek Grant.
9:27 of 1st period - Stopped by Michael Hutchinson without a rebound.
9:28 of 1st period - Alex Galchenyuk wins face-off versus Johan Larsson in UTAH ICE BEARS zone.
9:49 of 1st period - Jaden Schwartz is hit by Zachary Sanford and loses puck.
10:13 of 1st period - Shot by Blake Lizotte.
10:13 of 1st period - Goal by Blake Lizotte - VICTORIA GLADIATORS : 1 - UTAH ICE BEARS : 1.
10:14 of 1st period - Mikael Backlund wins face-off versus Blake Lizotte in neutral zone.
10:19 of 1st period - Shot by Jakub Voracek.
10:19 of 1st period - Shot Misses the Net.
10:26 of 1st period - Radim Simek is hit by Conor Garland and loses puck.
11:29 of 1st period - Shot by Bryan Rust.
11:29 of 1st period - Shot Blocked by Troy Stecher.
12:02 of 1st period - Icing by Troy Stecher.
12:03 of 1st period - Jared McCann wins face-off versus Alex Galchenyuk in UTAH ICE BEARS zone.
12:12 of 1st period - Shot by Jaden Schwartz.
12:12 of 1st period - Stopped by Michael Hutchinson with a rebound.
12:14 of 1st period - Shot by Mattias Janmark.
12:14 of 1st period - Deflect By Jaden Schwartz.
12:14 of 1st period - Stopped by Michael Hutchinson without a rebound.
12:15 of 1st period - Kyle Okposo wins face-off versus Mikael Backlund in UTAH ICE BEARS zone.
12:31 of 1st period - Shot by Artem Anisimov.
12:31 of 1st period - Stopped by Carter Hart without a rebound.
12:32 of 1st period - Blake Lizotte wins face-off versus Jared McCann in VICTORIA GLADIATORS zone.
12:49 of 1st period - Shot by Jaden Schwartz.
12:49 of 1st period - Stopped by Michael Hutchinson without a rebound.
12:50 of 1st period - Artem Anisimov wins face-off versus Mikael Backlund in UTAH ICE BEARS zone.
12:50 of 1st period - Artem Anisimov is hit by Jakub Voracek.
12:51 of 1st period - Artem Anisimov from UTAH ICE BEARS is injured at 12:51 of 1st period (Left Foot).
12:52 of 1st period - Mikael Backlund wins face-off versus Blake Lizotte in UTAH ICE BEARS zone.
12:52 of 1st period - Mikael Backlund is hit by T.J. Brodie.
12:54 of 1st period - Shot by Jakub Voracek.
12:54 of 1st period - Shot Misses the Net.
13:29 of 1st period - Minor Penalty to Nicholas Paul for Delaying the game.
13:30 of 1st period - Anze Kopitar wins face-off versus Zachary Sanford in UTAH ICE BEARS zone.
13:35 of 1st period - Shot by Anze Kopitar.
13:35 of 1st period - Shot Misses the Net.
13:37 of 1st period - Shot by Nick Holden.
13:37 of 1st period - Shot Blocked by Radim Simek.
13:39 of 1st period - Shot by Anze Kopitar.
13:39 of 1st period - Shot Misses the Net.
13:41 of 1st period - Shot by Anze Kopitar.
13:41 of 1st period - Shot Misses the Net.
13:43 of 1st period - Shot by Bryan Rust.
13:43 of 1st period - Stopped by Michael Hutchinson without a rebound.
13:44 of 1st period - Anze Kopitar wins face-off versus Zachary Sanford in UTAH ICE BEARS zone.
14:14 of 1st period - Shot by Anze Kopitar.
14:14 of 1st period - Shot Misses the Net.
15:56 of 1st period - Duncan Keith is hit by Kyle Okposo.
15:57 of 1st period - Icing by Duncan Keith.
15:58 of 1st period - Jared McCann wins face-off versus Ross Colton in VICTORIA GLADIATORS zone.
17:33 of 1st period - Shot by Jakub Voracek.
17:33 of 1st period - Goal by Jakub Voracek - VICTORIA GLADIATORS : 2 - UTAH ICE BEARS : 1.
17:34 of 1st period - Johan Larsson wins face-off versus Zachary Sanford in neutral zone.
18:31 of 1st period - Shot by Jakub Voracek.
18:31 of 1st period - Stopped by Michael Hutchinson without a rebound.
18:32 of 1st period - Anze Kopitar wins face-off versus Blake Lizotte in UTAH ICE BEARS zone.
18:39 of 1st period - Shot by Bryan Rust.
18:39 of 1st period - Shot Misses the Net.
18:41 of 1st period - Shot by Duncan Keith.
18:41 of 1st period - Stopped by Michael Hutchinson with a rebound.
18:57 of 1st period - Shot by Kyle Connor.
18:57 of 1st period - Stopped by Michael Hutchinson with a rebound.
18:59 of 1st period - Shot by Bryan Rust.
18:59 of 1st period - Shot Misses the Net.
19:01 of 1st period - Shot by Esa Lindell.
19:01 of 1st period - Shot Misses the Net.
19:09 of 1st period - Shot by Bryan Rust.
19:09 of 1st period - Shot Blocked by T.J. Brodie.
19:11 of 1st period - Shot by Esa Lindell.
19:11 of 1st period - Goal by Esa Lindell - VICTORIA GLADIATORS : 3 - UTAH ICE BEARS : 1.
19:12 of 1st period - Mikael Backlund wins face-off versus Ross Colton in neutral zone.
19:44 of 1st period - Shot by Mikael Backlund.
19:44 of 1st period - Shot Hit the Post.
Goals for this period are 3 for VICTORIA GLADIATORS vs 1 for UTAH ICE BEARS.
Shots for this period are 17 for VICTORIA GLADIATORS vs 3 for UTAH ICE BEARS.

2nd period


0:01 of 2nd period - Alex Galchenyuk wins face-off versus Mikael Backlund in neutral zone.
1:06 of 2nd period - Shot by Blake Lizotte.
1:06 of 2nd period - Shot Misses the Net.
2:06 of 2nd period - Shot by Kyle Connor.
2:06 of 2nd period - Shot Misses the Net.
3:24 of 2nd period - Shot by Andrew Cogliano.
3:24 of 2nd period - Shot Misses the Net.
3:32 of 2nd period - Shot by Johan Larsson.
3:32 of 2nd period - Shot Blocked by Radim Simek.
4:01 of 2nd period - Shot by Kyle Connor.
4:01 of 2nd period - Shot Misses the Net.
4:21 of 2nd period - Shot by Kyle Connor.
4:21 of 2nd period - Shot Misses the Net.
5:09 of 2nd period - Shot by Jakub Voracek.
5:09 of 2nd period - Shot Hit the Post.
5:14 of 2nd period - Icing by Zachary Sanford.
5:15 of 2nd period - Nicholas Paul wins face-off versus Jared McCann in UTAH ICE BEARS zone.
5:15 of 2nd period - Nicholas Paul is hit by Jared McCann.
6:13 of 2nd period - Off-side.
6:14 of 2nd period - Mikael Backlund wins face-off versus Alex Galchenyuk in neutral zone.
6:19 of 2nd period - Shot by Conor Garland.
6:19 of 2nd period - Shot Misses the Net.
6:21 of 2nd period - Shot by Mikael Backlund.
6:21 of 2nd period - Stopped by Michael Hutchinson without a rebound.
6:22 of 2nd period - Conor Garland wins face-off versus Zachary Sanford in UTAH ICE BEARS zone.
6:41 of 2nd period - Shot by Mikael Backlund.
6:41 of 2nd period - Stopped by Michael Hutchinson with a rebound.
6:49 of 2nd period - Shot by Jakub Voracek.
6:49 of 2nd period - Shot Blocked by Troy Stecher.
7:01 of 2nd period - Shot by Conor Garland.
7:01 of 2nd period - Stopped by Michael Hutchinson without a rebound.
7:02 of 2nd period - Anze Kopitar wins face-off versus Ross Colton in UTAH ICE BEARS zone.
7:02 of 2nd period - Minor Penalty to T.J. Brodie for Hooking.
7:03 of 2nd period - Anze Kopitar wins face-off versus Zachary Sanford in UTAH ICE BEARS zone.
7:04 of 2nd period - Shot by Bryan Rust.
7:04 of 2nd period - Deflect By Kyle Connor.
7:04 of 2nd period - Stopped by Michael Hutchinson without a rebound.
7:05 of 2nd period - Anze Kopitar wins face-off versus Zachary Sanford in UTAH ICE BEARS zone.
7:06 of 2nd period - Shot by Bryan Rust.
7:06 of 2nd period - Shot Misses the Net.
7:25 of 2nd period - Anze Kopitar is hit by Radim Simek and loses puck.
8:05 of 2nd period - Icing by Mikael Backlund.
8:06 of 2nd period - Mikael Backlund wins face-off versus Zachary Sanford in VICTORIA GLADIATORS zone.
8:22 of 2nd period - Icing by Nikita Zaitsev.
8:23 of 2nd period - Conor Garland wins face-off versus Alex Galchenyuk in VICTORIA GLADIATORS zone.
9:08 of 2nd period - Kyle Okposo is hit by Bryan Rust.
9:23 of 2nd period - Shot by Bryan Rust.
9:23 of 2nd period - Stopped by Michael Hutchinson without a rebound.
9:24 of 2nd period - Jared McCann wins face-off versus Blake Lizotte in UTAH ICE BEARS zone.
9:33 of 2nd period - Shot by Torey Krug.
9:33 of 2nd period - Shot Hit the Post.
9:35 of 2nd period - Shot by Jaden Schwartz.
9:35 of 2nd period - Goal by Jaden Schwartz - VICTORIA GLADIATORS : 4 - UTAH ICE BEARS : 1.
9:36 of 2nd period - Anze Kopitar wins face-off versus Zachary Sanford in neutral zone.
9:36 of 2nd period - Anze Kopitar is hit by Kyle Okposo.
10:03 of 2nd period - Shot by Anze Kopitar.
10:03 of 2nd period - Shot Misses the Net.
10:05 of 2nd period - Shot by Anze Kopitar.
10:05 of 2nd period - Shot Misses the Net.
11:10 of 2nd period - Shot by Mikael Backlund.
11:10 of 2nd period - Deflect By Jakub Voracek.
11:10 of 2nd period - Stopped by Michael Hutchinson without a rebound.
11:11 of 2nd period - Ross Colton wins face-off versus Jared McCann in UTAH ICE BEARS zone.
11:16 of 2nd period - Shot by Andrew Mangiapane.
11:16 of 2nd period - Shot Misses the Net.
11:31 of 2nd period - Torey Krug is hit by T.J. Brodie and loses puck.
12:15 of 2nd period - Shot by Kyle Connor.
12:15 of 2nd period - Shot Hit the Post.
12:23 of 2nd period - Esa Lindell is hit by Nathan Walker and loses puck.
13:05 of 2nd period - Shot by Conor Garland.
13:05 of 2nd period - Stopped by Michael Hutchinson with a rebound.
13:07 of 2nd period - Shot by Nikita Zaitsev.
13:07 of 2nd period - Stopped by Michael Hutchinson without a rebound.
13:08 of 2nd period - Johan Larsson wins face-off versus Alex Galchenyuk in UTAH ICE BEARS zone.
13:12 of 2nd period - Johan Larsson is hit by Radim Simek and loses puck.
13:48 of 2nd period - Off-side.
13:49 of 2nd period - Robert Lantosi wins face-off versus Mikael Backlund in neutral zone.
13:59 of 2nd period - Torey Krug is hit by Kale Clague and loses puck.
14:12 of 2nd period - Shot by Jakub Voracek.
14:12 of 2nd period - Shot Misses the Net.
14:14 of 2nd period - Shot by Torey Krug.
14:14 of 2nd period - Stopped by Michael Hutchinson with a rebound.
14:16 of 2nd period - Shot by Torey Krug.
14:16 of 2nd period - Shot Misses the Net.
14:18 of 2nd period - Shot by Conor Garland.
14:18 of 2nd period - Deflect By Jakub Voracek.
14:18 of 2nd period - Shot Misses the Net.
14:20 of 2nd period - Shot by Mikael Backlund.
14:20 of 2nd period - Shot Misses the Net.
14:22 of 2nd period - Shot by Conor Garland.
14:22 of 2nd period - Stopped by Michael Hutchinson without a rebound.
14:23 of 2nd period - Anze Kopitar wins face-off versus Alex Galchenyuk in UTAH ICE BEARS zone.
14:30 of 2nd period - Shot by Bryan Rust.
14:30 of 2nd period - Deflect By Kyle Connor.
14:30 of 2nd period - Shot Misses the Net.
14:32 of 2nd period - Shot by Bryan Rust.
14:32 of 2nd period - Shot Blocked by MacKenzie Weegar.
14:34 of 2nd period - Shot by Esa Lindell.
14:34 of 2nd period - Shot Misses the Net.
14:36 of 2nd period - Shot by Anze Kopitar.
14:36 of 2nd period - Deflect By Kyle Connor.
14:36 of 2nd period - Stopped by Michael Hutchinson with a rebound.
14:38 of 2nd period - Shot by Bryan Rust.
14:38 of 2nd period - Stopped by Michael Hutchinson without a rebound.
14:39 of 2nd period - Jared McCann wins face-off versus Zachary Sanford in UTAH ICE BEARS zone.
14:54 of 2nd period - Shot by Jaden Schwartz.
14:54 of 2nd period - Stopped by Michael Hutchinson without a rebound.
14:55 of 2nd period - Ross Colton wins face-off versus Mikael Backlund in UTAH ICE BEARS zone.
14:55 of 2nd period - Ross Colton is hit by Conor Garland.
15:00 of 2nd period - Andrew Mangiapane is hit by Duncan Keith and loses puck.
15:13 of 2nd period - Shot by Mikael Backlund.
15:13 of 2nd period - Shot Misses the Net.
15:17 of 2nd period - Shot by Jakub Voracek.
15:17 of 2nd period - Deflect By Conor Garland.
15:17 of 2nd period - Shot Hit the Post.
15:26 of 2nd period - Jakub Voracek is hit by Radim Simek and loses puck.
15:37 of 2nd period - Shot by Mikael Backlund.
15:37 of 2nd period - Shot Misses the Net.
16:16 of 2nd period - Kyle Connor is hit by Radim Simek and loses puck.
16:20 of 2nd period - Anze Kopitar is hit by Conor Timmins and loses puck.
16:23 of 2nd period - Shot by Bryan Rust.
16:23 of 2nd period - Deflect By Kyle Connor.
16:23 of 2nd period - Stopped by Michael Hutchinson with a rebound.
16:25 of 2nd period - Shot by Bryan Rust.
16:25 of 2nd period - Deflect By Kyle Connor.
16:25 of 2nd period - Stopped by Michael Hutchinson without a rebound.
16:26 of 2nd period - Jared McCann wins face-off versus Nicholas Paul in UTAH ICE BEARS zone.
16:53 of 2nd period - Shot by Nicholas Paul.
16:53 of 2nd period - Stopped by Carter Hart with a rebound.
16:55 of 2nd period - Shot by MacKenzie Weegar.
16:55 of 2nd period - Stopped by Carter Hart without a rebound.
16:56 of 2nd period - Anze Kopitar wins face-off versus Blake Lizotte in VICTORIA GLADIATORS zone.
17:01 of 2nd period - Blake Lizotte is hit by Bryan Rust and loses puck.
18:16 of 2nd period - Icing by Zachary Sanford.
18:17 of 2nd period - Jared McCann wins face-off versus Zachary Sanford in UTAH ICE BEARS zone.
18:34 of 2nd period - Shot by Nicholas Paul.
18:34 of 2nd period - Shot Blocked by Torey Krug.
19:46 of 2nd period - Shot by Mikael Backlund.
19:46 of 2nd period - Deflect By Jakub Voracek.
19:46 of 2nd period - Shot Misses the Net.
19:48 of 2nd period - Shot by Nikita Zaitsev.
19:48 of 2nd period - Shot Misses the Net.
Goals for this period are 1 for VICTORIA GLADIATORS vs 0 for UTAH ICE BEARS.
Shots for this period are 16 for VICTORIA GLADIATORS vs 2 for UTAH ICE BEARS.

3rd period


0:01 of 3rd period - Anze Kopitar wins face-off versus Alex Galchenyuk in neutral zone.
0:31 of 3rd period - Kyle Connor is hit by T.J. Brodie and loses puck.
0:50 of 3rd period - Shot by Bryan Rust.
0:50 of 3rd period - Stopped by Michael Hutchinson without a rebound.
0:51 of 3rd period - Mikael Backlund wins face-off versus Blake Lizotte in UTAH ICE BEARS zone.
0:54 of 3rd period - Shot by Mikael Backlund.
0:54 of 3rd period - Deflect By Jakub Voracek.
0:54 of 3rd period - Goal by Jakub Voracek - VICTORIA GLADIATORS : 5 - UTAH ICE BEARS : 1.
0:55 of 3rd period - Conor Garland wins face-off versus Blake Lizotte in neutral zone.
0:59 of 3rd period - Jakub Voracek is hit by Conor Timmins and loses puck.
1:06 of 3rd period - Nikita Zaitsev is hit by Nicholas Paul and loses puck.
1:40 of 3rd period - Icing by Nikita Zaitsev.
1:41 of 3rd period - Mikael Backlund wins face-off versus Ross Colton in VICTORIA GLADIATORS zone.
1:48 of 3rd period - Shot by Jakub Voracek.
1:48 of 3rd period - Shot Hit the Post.
1:51 of 3rd period - Icing by Nathan Walker.
1:52 of 3rd period - Nathan Walker wins face-off versus Anze Kopitar in UTAH ICE BEARS zone.
2:08 of 3rd period - Icing by Esa Lindell.
2:09 of 3rd period - Blake Lizotte wins face-off versus Anze Kopitar in VICTORIA GLADIATORS zone.
2:18 of 3rd period - Shot by Kyle Connor.
2:18 of 3rd period - Shot Misses the Net.
2:28 of 3rd period - Shot by Bryan Rust.
2:28 of 3rd period - Stopped by Michael Hutchinson without a rebound.
2:29 of 3rd period - Jared McCann wins face-off versus Alex Galchenyuk in UTAH ICE BEARS zone.
2:40 of 3rd period - Shot by Zachary Sanford.
2:40 of 3rd period - Stopped by Carter Hart without a rebound.
2:41 of 3rd period - Kyle Okposo wins face-off versus Conor Garland in VICTORIA GLADIATORS zone.
2:41 of 3rd period - Kyle Okposo is hit by Duncan Keith.
2:49 of 3rd period - Shot by Nicholas Paul.
2:49 of 3rd period - Stopped by Carter Hart without a rebound.
2:50 of 3rd period - Anze Kopitar wins face-off versus Alex Galchenyuk in VICTORIA GLADIATORS zone.
3:44 of 3rd period - Off-side.
3:45 of 3rd period - Mikael Backlund wins face-off versus Blake Lizotte in neutral zone.
3:47 of 3rd period - Off-side.
3:48 of 3rd period - Mikael Backlund wins face-off versus Blake Lizotte in neutral zone.
5:56 of 3rd period - Blake Lizotte is hit by Jared McCann and loses puck.
6:04 of 3rd period - Icing by Blake Lizotte.
6:05 of 3rd period - Blake Lizotte wins face-off versus Anze Kopitar in UTAH ICE BEARS zone.
6:49 of 3rd period - Shot by Zachary Sanford.
6:49 of 3rd period - Stopped by Carter Hart without a rebound.
6:50 of 3rd period - Ross Colton wins face-off versus Mikael Backlund in VICTORIA GLADIATORS zone.
6:58 of 3rd period - Icing by Brady Skjei.
6:59 of 3rd period - Mikael Backlund wins face-off versus Ross Colton in VICTORIA GLADIATORS zone.
7:34 of 3rd period - Shot by Mikael Backlund.
7:34 of 3rd period - Stopped by Michael Hutchinson without a rebound.
7:35 of 3rd period - Anze Kopitar wins face-off versus Kyle Okposo in UTAH ICE BEARS zone.
7:36 of 3rd period - Shot by Bryan Rust.
7:36 of 3rd period - Stopped by Michael Hutchinson with a rebound.
8:04 of 3rd period - Shot by Kyle Connor.
8:04 of 3rd period - Shot Misses the Net.
8:06 of 3rd period - Shot by Esa Lindell.
8:06 of 3rd period - Shot Misses the Net.
8:08 of 3rd period - Shot by Kyle Connor.
8:08 of 3rd period - Stopped by Michael Hutchinson with a rebound.
8:10 of 3rd period - Shot by Anze Kopitar.
8:10 of 3rd period - Stopped by Michael Hutchinson without a rebound.
8:11 of 3rd period - Robert Lantosi wins face-off versus Jared McCann in UTAH ICE BEARS zone.
8:46 of 3rd period - Shot by Jared McCann.
8:46 of 3rd period - Stopped by Michael Hutchinson with a rebound.
8:52 of 3rd period - Shot by Jared McCann.
8:52 of 3rd period - Stopped by Michael Hutchinson without a rebound.
8:53 of 3rd period - Alex Galchenyuk wins face-off versus Mikael Backlund in UTAH ICE BEARS zone.
9:30 of 3rd period - Shot by Zachary Sanford.
9:30 of 3rd period - Deflect By Andrew Mangiapane.
9:30 of 3rd period - Shot Misses the Net.
9:32 of 3rd period - Shot by T.J. Brodie.
9:32 of 3rd period - Shot Blocked by Duncan Keith.
9:34 of 3rd period - Shot by MacKenzie Weegar.
9:34 of 3rd period - Deflect By Zachary Sanford.
9:34 of 3rd period - Shot Blocked by Esa Lindell.
9:59 of 3rd period - Shot by Anze Kopitar.
9:59 of 3rd period - Stopped by Michael Hutchinson without a rebound.
10:00 of 3rd period - Anze Kopitar wins face-off versus Ross Colton in UTAH ICE BEARS zone.
10:19 of 3rd period - Shot by Kyle Connor.
10:19 of 3rd period - Stopped by Michael Hutchinson without a rebound.
10:20 of 3rd period - Blake Lizotte wins face-off versus Mattias Janmark in UTAH ICE BEARS zone.
10:30 of 3rd period - Icing by Nick Holden.
10:31 of 3rd period - Alex Galchenyuk wins face-off versus Jared McCann in VICTORIA GLADIATORS zone.
10:47 of 3rd period - Off-side.
10:48 of 3rd period - Zachary Sanford wins face-off versus Conor Garland in neutral zone.
10:51 of 3rd period - Nikita Zaitsev is hit by Kyle Okposo and loses puck.
10:59 of 3rd period - Zachary Sanford is hit by Brady Skjei and loses puck.
11:02 of 3rd period - Shot by Nicholas Paul.
11:02 of 3rd period - Deflect By Zachary Sanford.
11:02 of 3rd period - Shot Blocked by Brady Skjei.
11:04 of 3rd period - Shot by Kyle Okposo.
11:04 of 3rd period - Stopped by Carter Hart without a rebound.
11:05 of 3rd period - Blake Lizotte wins face-off versus Anze Kopitar in VICTORIA GLADIATORS zone.
11:08 of 3rd period - Shot by Blake Lizotte.
11:08 of 3rd period - Shot Misses the Net.
11:16 of 3rd period - Shot by Bryan Rust.
11:16 of 3rd period - Shot Misses the Net.
11:29 of 3rd period - Bryan Rust is hit by MacKenzie Weegar and loses puck.
11:42 of 3rd period - Shot by Kyle Connor.
11:42 of 3rd period - Deflect By Bryan Rust.
11:42 of 3rd period - Stopped by Michael Hutchinson without a rebound.
11:43 of 3rd period - Mikael Backlund wins face-off versus Zachary Sanford in UTAH ICE BEARS zone.
12:34 of 3rd period - Icing by Blake Lizotte.
12:35 of 3rd period - Anze Kopitar wins face-off versus Kyle Okposo in UTAH ICE BEARS zone.
12:51 of 3rd period - Shot by Kyle Connor.
12:51 of 3rd period - Stopped by Michael Hutchinson with a rebound.
12:59 of 3rd period - Shot by Anze Kopitar.
12:59 of 3rd period - Stopped by Michael Hutchinson without a rebound.
13:00 of 3rd period - Jared McCann wins face-off versus Ross Colton in UTAH ICE BEARS zone.
13:00 of 3rd period - Jared McCann is hit by MacKenzie Weegar.
13:04 of 3rd period - Shot by Jaden Schwartz.
13:04 of 3rd period - Stopped by Michael Hutchinson without a rebound.
13:05 of 3rd period - Jared McCann wins face-off versus Zachary Sanford in UTAH ICE BEARS zone.
13:41 of 3rd period - Shot by Jared McCann.
13:41 of 3rd period - Stopped by Michael Hutchinson without a rebound.
13:42 of 3rd period - Blake Lizotte wins face-off versus Mikael Backlund in UTAH ICE BEARS zone.
13:47 of 3rd period - Blake Lizotte is hit by Conor Garland and loses puck.
14:29 of 3rd period - Icing by Radim Simek.
14:30 of 3rd period - Blake Lizotte wins face-off versus Anze Kopitar in UTAH ICE BEARS zone.
14:32 of 3rd period - Robert Lantosi is hit by Bryan Rust and loses puck.
14:42 of 3rd period - Shot by Anze Kopitar.
14:42 of 3rd period - Stopped by Michael Hutchinson with a rebound.
14:44 of 3rd period - Shot by Nikita Zaitsev.
14:44 of 3rd period - Stopped by Michael Hutchinson without a rebound.
14:45 of 3rd period - Jared McCann wins face-off versus Alex Galchenyuk in UTAH ICE BEARS zone.
15:02 of 3rd period - Shot by Jaden Schwartz.
15:02 of 3rd period - Shot Misses the Net.
15:17 of 3rd period - Jared McCann is hit by T.J. Brodie and loses puck.
15:27 of 3rd period - Mattias Janmark is hit by MacKenzie Weegar and loses puck.
16:15 of 3rd period - Nicholas Paul is hit by Brady Skjei and loses puck.
16:18 of 3rd period - Shot by Nicholas Paul.
16:18 of 3rd period - Deflect By Blake Lizotte.
16:18 of 3rd period - Stopped by Carter Hart without a rebound.
16:19 of 3rd period - Mikael Backlund wins face-off versus Ross Colton in VICTORIA GLADIATORS zone.
16:21 of 3rd period - Icing by Jakub Voracek.
16:22 of 3rd period - Ross Colton wins face-off versus Jakub Voracek in VICTORIA GLADIATORS zone.
16:35 of 3rd period - Shot by Conor Garland.
16:35 of 3rd period - Stopped by Michael Hutchinson with a rebound.
16:53 of 3rd period - Shot by Jakub Voracek.
16:53 of 3rd period - Deflect By Mikael Backlund.
16:53 of 3rd period - Stopped by Michael Hutchinson without a rebound.
16:54 of 3rd period - Anze Kopitar wins face-off versus Blake Lizotte in UTAH ICE BEARS zone.
17:21 of 3rd period - Shot by Kyle Connor.
17:21 of 3rd period - Stopped by Michael Hutchinson with a rebound.
17:23 of 3rd period - Shot by Nikita Zaitsev.
17:23 of 3rd period - Shot Misses the Net.
17:25 of 3rd period - Shot by Kyle Connor.
17:25 of 3rd period - Stopped by Michael Hutchinson without a rebound.
17:26 of 3rd period - Alex Galchenyuk wins face-off versus Johan Larsson in UTAH ICE BEARS zone.
17:36 of 3rd period - Icing by Esa Lindell.
17:37 of 3rd period - Johan Larsson wins face-off versus Zachary Sanford in VICTORIA GLADIATORS zone.
17:47 of 3rd period - Icing by MacKenzie Weegar.
17:48 of 3rd period - Zachary Sanford wins face-off versus Anze Kopitar in UTAH ICE BEARS zone.
18:34 of 3rd period - Shot by Anze Kopitar.
18:34 of 3rd period - Stopped by Michael Hutchinson without a rebound.
18:35 of 3rd period - Mikael Backlund wins face-off versus Blake Lizotte in UTAH ICE BEARS zone.
19:41 of 3rd period - Icing by Conor Timmins.
19:42 of 3rd period - Anze Kopitar wins face-off versus Blake Lizotte in UTAH ICE BEARS zone.
Goals for this period are 1 for VICTORIA GLADIATORS vs 0 for UTAH ICE BEARS.
Shots for this period are 23 for VICTORIA GLADIATORS vs 5 for UTAH ICE BEARS.


RYAN
NUGENT-HOPKINS
THATCHER
DEMKO
MITCHELL
MARNER

EAST COAST

HOCKEY LEAGUE

  • 13.MAN3PIT5
  • 14.NHW2ATL3
  • 15.PET5WOR4
  • 16.RHI30
  • 17.QUECHI
  • 18.CHALIM
  • 19.TRVLON
  • 20.CHWBAL